 Dungeon Crawl Stone Soup version 0.24.0-123-gd5b16e6ec5 (webtiles) character file.

Game seed: 33914150453825766, levelgen mode: deterministic

62 Emblim88 the Ruffian (level 3, -3/33 HPs)
             Began as a Troll Transmuter on Jan 13, 2020.
             Slain by a worm (5 damage)
             ... on level 3 of the Dungeon.
             The game lasted 00:02:49 (1192 turns).

Emblim88 the Ruffian (Troll Transmuter)             Turns: 1192, Time: 00:02:50

Health: -3/33      AC:  6    Str: 23    XL:     3   Next: 85%
Magic:  4/4        EV: 10    Int: 12    God:
Gold:   115        SH:  0    Dex: 10    Spells: 1/5 levels left

rFire    . . .     SeeInvis .     - Unarmed
rCold    . . .     Gourm    +   (no shield)
rNeg     . . .     Faith    .   b - +0 robe
rPois    .         Spirit   .   (helmet restricted)
rElec    .         Reflect  .   (no cloak)
rCorr    .         Harm     .   (gloves unavailable)
MR       .....                  (boots unavailable)
Stlth    +.........             (no amulet)
HPRegen  0.51/turn              (no ring)
MPRegen  0.09/turn              (no ring)

@: mighty, very slightly contaminated
A: large, unfitting armour, claws 3, fangs 1, clever 1, fast metabolism 3,
gourmand, regeneration 1, shaggy fur 1, tough skin 3
a: no special abilities


You were on level 3 of the Dungeon.
You were very full.

You visited 1 branch of the dungeon, and saw 3 of its levels.

You collected 115 gold pieces.

Inventory:

Hand Weapons
 g - a +0 short sword of draining
Missiles
 a - 12 arrows
Armour
 b - a +0 robe (worn)
Wands
 n - a wand of iceblast (9)
Scrolls
 c - 3 scrolls of identify {unknown}
 f - a scroll of teleportation {unknown}
 j - a scroll of enchant weapon {unknown}
 k - a scroll of fog {unknown}
 m - a scroll of random uselessness {unknown}
Potions
 i - a potion of curing {unknown}
Comestibles
 d - 6 rations


   Skills:
 + Level 1.2 Fighting
 + Level 2.0 Dodging
 + Level 3.3 Unarmed Combat
 + Level 1.5 Spellcasting
 * Level 2.1 Transmutations
 + Level 0.0 Evocations


You had one spell level left.
You knew the following spells:

 Your Spells              Type           Power        Failure   Level  Hunger
a - Beastly Appendage     Tmut           #.....       12%         1    ##.....
b - Spider Form           Tmut/Pois      #.........   50%         3    ####...

Your spell library contained the following spells:

 Spells                   Type           Power        Failure   Level  Hunger
 Sticks to Snakes         Tmut           #.......     19%         2    ###....
 Ice Form                 Ice/Tmut       #.......     88%         4    #####..
 Blade Hands              Tmut           #.........   97%         5    ######.


Dungeon Overview and Level Annotations

Branches:
Dungeon (3/15)

Altars:
Dithmenos
Xom


Innate Abilities, Weirdness & Mutations

You are too large for most types of armour.
You have claws for hands.
Your metabolism is lightning-fast.
You like to eat raw meat.
Your natural rate of healing is unusually fast.
You are covered in fur. (AC +1)
You have extremely tough skin. (AC +3)
You have very sharp teeth.
Your mind is acute. (Int +2)


Message History

You scratch the orc.
The orc is moderately wounded.
The orc hits you with a +0 falchion.
* * * LOW HITPOINT WARNING * * *
The worm misses you.
You scratch the orc but do no damage.
The orc is moderately wounded.
The orc hits you with a +0 falchion.
* * * LOW HITPOINT WARNING * * *
You scratch the orc but do no damage.
The orc is moderately wounded.
The orc closely misses you. The worm closely misses you.
You closely miss the orc.
The orc is moderately wounded.
The orc hits you with a +0 falchion.
* * * LOW HITPOINT WARNING * * *
It was a potion of might.
You feel very mighty all of a sudden. The worm bites you.
You die...

..................#
.........รท........#
...................#
..##....#..........#
. #....###...######
............#
............######
.................#
...........@)....#
.......ow[....#
..............#
.............#
...............
......(........
...............
...............


You could see a worm and an orc.

Vanquished Creatures
  An ooze (D:1)
  A dart slug (D:1)
  4 leopard geckos
  4 orcs (D:3)
  7 bats
  3 giant cockroaches (D:1)
  6 goblins
  A hobgoblin (D:2)
  2 quokkas (D:2)
  2 frilled lizards (D:2)
  8 kobolds
  9 rats
48 creatures vanquished.

Notes
Turn   | Place    | Note
-------+----------+-------------------------------------------
     0 | D:1      | Emblim88 the Troll Transmuter began the quest for the Orb.
     0 | D:1      | Reached XP level 1. HP: 18/18 MP: 1/1
    48 | D:1      | Reached XP level 2. HP: 25/26 MP: 2/2
    93 | D:1      | Reached skill level 1 in Fighting
   382 | D:1      | Reached XP level 3. HP: 26/33 MP: 4/4
   607 | D:1      | Learned a level 3 spell: Spider Form
   611 | D:2      | Found a shadowy altar of Dithmenos.
   893 | D:2      | Found a shimmering altar of Xom.
  1182 | D:3      | Gained mutation: Your mind is acute. (Int +2) [potion of
                  | mutation]
  1182 | D:3      | Gained mutation: You have very sharp teeth. [potion of
                  | mutation]
  1191 | D:3      | HP: 1/33 [orc/+0 falchion (6)]
  1192 | D:3      | Slain by a worm

Levels and vault maps discovered:
D:1:      saegor_arrival_simple_a, layout_basic, supply_closet_lemuel
D:2:      layout_basic, xom_butterflies, first_ration,
          nicolae_dithmenos_shadow_blocks
D:3:      layout_basic

Skill      XL: |  1  2  3 |
---------------+----------+-----
Fighting       | 1 |  1.2
Transmutations | 2 |  2.1
Dodging        | 2 |  2.0
Unarmed Combat | |  3.3
Spellcasting   | |  1.5

Action                   || total
-------------------------++-------
Melee: Unarmed           ||   158
       Punch             ||     1
  Use: Potion            ||     2
 Stab: Sleeping          ||     2
  Eat: Chunk             ||    16
Armor: Robe              ||    75
Dodge: Dodged            ||   117
